 Dungeon Crawl Stone Soup version 0.18.1-1-g2f07953 (webtiles) character file.

915 Chiseanne the Skirmisher (level 8, -3/83 HPs)
             Began as an Ogre Air Elementalist on May 7, 2016.
             Slain by an ogre
             ... wielding a +0 giant spiked club
              (13 damage)
             ... on level 5 of the Dungeon.
             The game lasted 00:13:37 (5953 turns).

Chiseanne the Skirmisher (Ogre Air Elementalist)    Turns: 5953, Time: 00:13:38

Health: -3/83      AC:  8    Str: 14    XL:     8   Next: 9%
Magic:  16/16      EV: 15    Int: 16    God:
Gold:   314        SH:  0    Dex: 10    Spells: 3 memorised, 12 levels left

rFire  . . .     SeeInvis .     D - +5 lajatang of Righteous Anger {slice, rPois Dex-5 Stlth+}
rCold  . . .     Gourm    .     h - +1 robe
rNeg   . . .     Faith    .     (shield currently unavailable)
rPois  +         Spirit   .     (helmet restricted)
rElec  .         Dismiss  .     (no cloak)
rCorr  .         Reflect  .     (gloves unavailable)
SustAt .         Harm     .     (boots unavailable)
MR     .....                    (no amulet)
Stlth  +++.......               (no ring)
                                q - +4 ring of protection

@: agile, very slightly contaminated, repel missiles, invisible, not resistant
to hostile enchantments, fairly stealthy
A: unfitting armour, tough skin 1
a: no special abilities


You were on level 5 of the Dungeon.
You were hungry.

You visited 1 branch of the dungeon, and saw 5 of its levels.
You also visited: Ossuary.

You collected 314 gold pieces.

Inventory:

Hand Weapons
 a - a +1 whip of electrocution
 k - a +2 flail of crushing
 n - a +0 hunting sling
 s - a +2 spear of venom
 A - a +1 falchion of flaming
 D - the +5 lajatang of Righteous Anger (weapon) {slice, rPois Dex-5 Stlth+}
   (You found it on level 5 of the Dungeon)

   It inflicts extra damage upon your enemies.
   It affects your dexterity (-5).
   It protects you from poison.
   It makes you more stealthy.
Missiles
 d - 123 arrows
 e - 142 stones (quivered)
 f - 28 sling bullets
 v - 3 curare-tipped needles
Armour
 h - a +1 robe (worn)
Jewellery
 q - a +4 ring of protection (left hand)
Scrolls
 g - 2 scrolls of magic mapping
 r - a scroll of remove curse
 u - 2 scrolls of fear
 y - a scroll of acquirement {unknown}
 E - a scroll of teleportation {unknown}
Potions
 i - 3 potions of curing
 l - a potion of ambrosia
 m - 2 potions of resistance
 o - 3 potions of might
 p - 5 potions of lignification
 t - a potion of brilliance
 z - a potion of haste
Books
 b - a book of Air

   Spells                             Type                      Level
   a - Shock                          Conjuration/Air              1
   b - Swiftness                      Charms/Air                   2
   c - Repel Missiles                 Charms/Air                   2
   d - Static Discharge               Conjuration/Air              3
   e - Lightning Bolt                 Conjuration/Air              5
Comestibles
 c - 4 bread rations
 j - 2 meat rations
 x - 2 chunks of flesh
 C - a beef jerky


   Skills:
 * Level 6.2 Fighting
 - Level 1.7 Dodging
 - Level 1.5 Stealth
 * Level 5.9 Spellcasting
 - Level 0.6 Conjurations
 * Level 4.7 Air Magic


You had 12 spell levels left.
You knew the following spells:

 Your Spells              Type           Power        Failure   Level  Hunger
a - Shock                 Conj/Air       ##..         6%          1    None
b - Repel Missiles        Chrm/Air       ##....       10%         2    #......
c - Static Discharge      Conj/Air       ##......     14%         3    ##.....


Dungeon Overview and Level Annotations

Branches:
Dungeon (5/15)
 Temple: D:4-7

Altars:
Okawaru
Sif Muna
Trog
Yredelemnul
The Shining One


Innate Abilities, Weirdness & Mutations

You are too large for most types of armour.
You have tough skin (AC +1).


Message History

You slice the gnoll!!
You kill the gnoll!
The ogre barely misses you.
You barely miss the ogre.
The ogre is moderately wounded.
The ogre hits you with a giant spiked club!!
You hit the ogre.
The ogre is moderately wounded.
The ogre hits you with a giant spiked club!!
* * * LOW HITPOINT WARNING * * *
You hear the rusting of a drain nearby.
You aren't carrying any items that you can evoke without wielding.
Unknown command.
Drink which item? (? for menu, Esc to quit)
You fade into invisibility!
You are very lightly contaminated with residual magic.
Drink which item? (? for menu, Esc to quit)
You feel agile all of a sudden.
The ogre hits you with a giant spiked club!
You die...

***** *,,.## *,*..# *,,#.#
*#.#.# *******#####.#.#
*,,,,,,,...#.#.#
*,***,****...#.#
*,*≈***≈≈**+.#@#
*,*≈+≈≈≈≈≈≈#..O#
*,*∩+≈≈≈≈≈≈#...#
**,*≈***≈≈##+..######***********
*,,*##.####...........,,,,,,,,,,
*,,,..........####....,,********
*,,,,.#####.### *,,..,,*******,
*,***** #.# *,,,,,,,**,,,,, *,*
#)# *,,,,,,,,,,,,,,


You could see an ogre.

Vanquished Creatures
  Sigmund (D:2)
  A sky beast (D:5)
  2 water moccasin zombies (Ossuary)
  2 orc priests (D:4)
  3 hounds
  An orc wizard (D:4)
  Jessica (D:2)
  An iguana (D:4)
  Ijyb (D:2)
  2 big kobold zombies (Ossuary)
  2 mummies (Ossuary)
  2 gnolls
  10 adders
  An adder zombie (Ossuary)
  A worm (D:3)
  3 dart slugs
  3 giant geckos
  6 orcs
  14 bats
  5 giant cockroaches
  6 gnoll zombies (Ossuary)
  11 goblins
  12 hobgoblins
  7 kobolds
  A quokka (D:4)
  A ball python (D:2)
  8 giant newts
  5 hobgoblin zombies (Ossuary)
  4 kobold zombies (Ossuary)
  4 orc zombies (Ossuary)
  6 rats
127 creatures vanquished.

Notes
Turn   | Place    | Note
--------------------------------------------------------------
     0 | D:1      | Chiseanne the Ogre Air Elementalist began the quest for the Orb.
     0 | D:1      | Reached XP level 1. HP: 16/16 MP: 3/3
   466 | D:1      | Reached XP level 2. HP: 24/24 MP: 1/5
   510 | D:1      | Learned a level 2 spell: Repel Missiles
  1155 | D:1      | Reached XP level 3. HP: 32/32 MP: 2/7
  1206 | D:1      | Learned a level 3 spell: Static Discharge
  1919 | D:2      | Reached skill level 1 in Fighting
  2111 | D:2      | Noticed Ijyb
  2135 | D:2      | Reached XP level 4. HP: 16/41 MP: 0/8
  2140 | D:2      | Killed Ijyb
  2140 | D:2      | Reached skill level 2 in Fighting
  2847 | D:2      | Reached XP level 5. HP: 46/50 MP: 2/10
  3023 | D:2      | Noticed Jessica
  3029 | D:2      | Killed Jessica
  3267 | D:2      | Reached skill level 3 in Fighting
  3391 | D:2      | Noticed Sigmund
  3419 | D:2      | Killed Sigmund
  3419 | D:2      | Reached skill level 4 in Fighting
  3419 | D:2      | Reached XP level 6. HP: 50/62 MP: 12/12
  3927 | D:3      | Found an iron altar of Okawaru.
  4292 | D:4      | Reached XP level 7. HP: 23/71 MP: 14/14
  4345 | D:4      | Found a sand-covered staircase.
  4353 | Ossuary  | Entered an ossuary
  4658 | Ossuary  | Reached skill level 5 in Spellcasting
  4682 | Ossuary  | Reached skill level 5 in Fighting
  5171 | D:4      | Found a basalt altar of Yredelemnul.
  5304 | D:4      | Found a deep blue altar of Sif Muna.
  5532 | D:4      | Found a glowing golden altar of the Shining One.
  5534 | D:4      | Found a bloodstained altar of Trog.
  5588 | D:5      | Entered Level 5 of the Dungeon
  5818 | D:5      | Reached XP level 8. HP: 40/83 MP: 16/16
  5840 | D:5      | Reached skill level 6 in Fighting
  5897 | D:5      | Got a transparent lajatang
  5935 | D:5      | Identified the +5 lajatang of Righteous Anger {slice, rPois Dex-5 Stlth+} (You found it on level 5 of the Dungeon)
  5953 | D:5      | Slain by an ogre

Skill      XL: |  1  2  3  4  5  6  7  8 |
---------------+-------------------------+-----
Spellcasting   | 3 4 5 |  5.9
Fighting       | 1 2 4 5 6 |  6.2
Air Magic      | 3 4 |  4.7
Dodging        | |  1.7
Stealth        | |  1.5
Conjurations   | |  0.6

Action                   |  1- 3 |  4- 6 |  7- 9 || total
-------------------------+-------+-------+-------++-------
Melee: Club              |    20 |       |       ||    20
       Unarmed           |     1 |       |       ||     1
       Whip              |    22 |     8 |   103 ||   133
       Spear             |       |    65 |    59 ||   124
       Lajatang          |       |       |     7 ||     7
 Cast: Shock             |    87 |    88 |    24 ||   199
       Repel Missiles    |     1 |       |       ||     1
       Static Discharge  |       |     1 |     4 ||     5
  Use: Scroll            |     3 |     6 |    12 ||    21
       Potion            |       |       |     2 ||     2
 Stab: Sleeping          |     1 |     1 |     2 ||     4
  Eat: Chunk             |     4 |     7 |     4 ||    15
       Beef jerky        |       |       |     1 ||     1
Armor: Robe              |    24 |    53 |    55 ||   132
Dodge: Dodged            |    35 |    86 |    82 ||   203
       Deflected         |     1 |     1 |       ||     2
